Map: Frozen Temple

Players

ByRada

  • Race: Zerg Zerg

EJK - Winner!

  • Race: Terran Terran
  • League: Master

VOD

Have the link to the VOD?

Description

Time

  • Played on: July 12, 2016, 8:41 p.m.
  • Length: 17:14
Show
View Real Time Build Order
Export as new Build Order

ByRada Zerg 

Build Orders: Hatch First 

Get SALT Encoding   

  12  0:02  Drone  
  13  0:08  Drone  
  14  0:17  Overlord  
  14  0:22  Extractor  
  14  0:23  Drone  
  15  0:35  Drone x2  
  17  0:53  Hatchery  
  17  0:55  Drone  
  17  0:58  Drone  
  17  1:03  Extractor  
  17  1:14  Spawning Pool  
  17  1:16  Drone  
  17  1:20  Drone  
  18  1:30  Drone  
  19  1:39  Overlord  
  19  2:01  Zergling x2, Queen  
  21  2:02  Zergling x2  
  21  2:03  Metabolic Boost  
  21  2:06  Queen  
  25  2:11  Drone  
  25  2:14  Drone  
  27  2:18  Drone  
  28  2:26  Drone  
  28  2:29  Drone  
  30  2:32  Overlord  
  30  2:37  Queen  
  30  2:40  Drone  
  33  2:46  Drone  
  33  2:50  Pneumatized Carapace  
  33  3:01  Zergling x6  
  33  3:05  Zergling x2  
  37  3:09  Zergling x6  
  40  3:14  Zergling x4  
  40  3:16  Zergling x4  
  44  3:27  Overlord  
  44  3:43  Overlord  
  44  3:45  Drone x4  
  48  3:52  Drone x3  
  49  4:03  Drone x5  
  54  4:11  Overlord  
  54  4:16  Roach Warren  
  53  4:23  Overlord  
  53  4:29  Hatchery  
  52  4:33  Queen  
  52  4:35  Queen  
  56  4:48  Drone  
  56  4:49  Drone x9  
  56  4:50  Extractor  
  56  4:51  Extractor  
  64  4:59  Drone  
  65  5:04  Overlord  
  65  5:15  Lair  
  65  5:18  Overlord x2  
  65  5:19  Evolution Chamber x2  
  63  5:29  Spore Crawler x2  
  61  5:39  Spore Crawler  
  61  5:40  Evolution Chamber  
  61  5:41  Spore Crawler  
  59  5:43  Spore Crawler  
  57  5:51  Roach x11  
  77  6:06  Queen  
  70  6:20  Drone  
  70  6:21  Drone x8  
  70  6:25  Glial Reconstitution  
  76  6:45  Drone x2  
  76  6:46  Drone x2  
  76  6:47  Drone  
  81  6:51  Zerg Ground Armor Level 1  
  81  6:52  Zerg Missile Weapons Level 1  
  81  6:57  Roach x4  
  81  7:00  Ravager  
  90  7:07  Overlord  
  90  7:09  Overseer  
  90  7:21  Queen  
  90  7:45  Overlord x3  
  90  7:49  Overlord x2  
  90  7:53  Overseer  
  90  8:05  Drone, Hatchery, Queen  
  90  8:08  Drone  
  90  8:09  Drone x12  
  90  8:11  Extractor  
  104  8:13  Extractor  
  104  8:17  Infestation Pit, Roach x2  
  104  8:18  Roach  
  108  8:20  Hatchery  
  108  8:25  Drone  
  108  8:26  Spire  
  107  8:27  Extractor, Drone  
  107  8:42  Drone x3  
  107  8:43  Drone  
  111  9:00  Queen  
  111  9:20  Drone  
  111  9:21  Drone x2  
  114  9:29  Overlord x3  
  113  9:40  Pathogen Glands  
  113  9:42  Corruptor x3  
  113  9:44  Overlord x2  
  113  9:45  Overlord x2  
  119  9:46  Zerg Flyer Weapons Level 1  
  119  10:12  Corruptor  
  119  10:13  Corruptor x11  
  143  10:19  Drone x7  
  143  10:20  Drone  
  146  10:52  Infestor x4  
  154  10:57  Drone  
  154  10:58  Drone x13  
  168  11:08  Spine Crawler  
  168  11:10  Extractor  
  166  11:25  Roach  
  168  11:34  Overlord x3  
  168  11:39  Extractor  
  167  11:53  Overlord x3  
  167  11:54  Overseer x2  
  167  11:55  Overseer  
  167  11:57  Ravager x2  
  167  11:58  Ravager x2  
  167  11:59  Roach  
  167  12:00  Roach x5  
  183  12:22  Zerg Ground Armor Level 2  
  183  12:23  Zerg Missile Weapons Level 2  
  183  12:28  Hatchery  
  182  12:35  Roach  
  182  12:36  Roach x8  
  196  13:07  Hive  
  156  13:49  Roach  
  156  13:50  Roach x11  
  156  13:52  Overlord x3  
  156  13:55  Ravager x2  
  170  14:09  Overseer  
  162  14:15  Hydralisk Den, Overlord  
  162  14:16  Overlord x2  
  161  14:18  Extractor  
  161  14:20  Extractor, Viper  
  161  14:21  Viper x3  
  171  14:26  Drone x3  
  174  14:35  Drone x6  
  174  14:36  Drone x7  
  187  14:41  Spine Crawler x2  
  187  14:42  Queen  
  187  14:47  Overseer  
  185  15:12  Ravager x3  
  185  15:13  Ravager x4  
  192  15:27  Hydralisk  
  192  15:28  Hydralisk x5  
  187  15:36  Hatchery  
  187  15:38  Muscular Augments  
  187  15:39  Overlord x2  
  187  15:40  Overlord  
  181  15:43  Hatchery  
  174  15:50  Overseer x2  
  174  15:56  Ravager x2  
  178  15:57  Ravager x3, Hydralisk  
  178  15:58  Hydralisk x9  
  199  16:04  Spore Crawler x2  
  199  16:05  Extractor x2  
  199  16:06  Spine Crawler  
  199  16:07  Spine Crawler x2  
  199  16:10  Spore Crawler  
  191  16:17  Spore Crawler  
  190  16:20  Spore Crawler  
  190  16:21  Spore Crawler  
  190  16:22  Spine Crawler x3  
  129  16:43  Hydralisk  
  129  16:44  Hydralisk x11  
  134  16:54  Roach x2  
  134  16:55  Roach x8  
Show
View Real Time Build Order
Export as new Build Order

EJK Terran - Winner!

Build Orders: Hellion Banshee 

Get SALT Encoding   

  12  0:00  SCV  
  13  0:12  SCV  
  14  0:17  Supply Depot  
  14  0:25  SCV  
  15  0:39  SCV  
  15  0:41  Barracks  
  16  0:45  Refinery  
  16  0:51  SCV  
  17  1:03  SCV  
  18  1:15  SCV  
  19  1:30  Orbital Command, Barracks Reactor  
  19  1:41  Command Center  
  19  1:50  Supply Depot  
  19  1:56  SCV  
  20  2:06  Marine x2  
  20  2:08  SCV  
  23  2:14  Factory  
  23  2:20  SCV  
  24  2:24  Marine x2  
  26  2:32  SCV  
  27  2:42  Marine x2  
  29  2:44  SCV  
  30  2:56  Orbital Command  
  30  2:57  SCV  
  31  2:59  Starport  
  31  3:07  Hellion x2, Marine  
  31  3:09  SCV  
  37  3:15  Supply Depot  
  37  3:23  SCV x2  
  37  3:26  Barracks Tech Lab  
  39  3:28  Hellion x2  
  39  3:33  Refinery  
  43  3:35  SCV x2  
  43  3:37  Medivac  
  43  3:41  Supply Depot  
  43  3:49  Hellion  
  44  3:57  Hellion  
  44  3:58  Orbital Command  
  44  4:01  Supply Depot  
  45  4:03  Supply Depot  
  45  4:18  SCV  
  45  4:22  Cloaking Field  
  45  4:23  Banshee, Hellion x2  
  53  4:29  SCV  
  53  4:30  SCV  
  55  4:40  Supply Depot  
  55  4:41  SCV  
  55  4:42  SCV  
  57  4:47  Hellion x2  
  57  4:49  Supply Depot  
  57  4:52  Supply Depot  
  61  4:55  SCV  
  62  5:02  SCV  
  62  5:06  Banshee  
  66  5:08  Hellion x2  
  66  5:11  SCV  
  66  5:13  Supply Depot  
  72  5:14  SCV  
  72  5:16  Supply Depot  
  72  5:29  SCV x2, Hellion  
  72  5:30  Hellion  
  72  5:31  Barracks Reactor  
  78  5:41  SCV x2  
  80  5:52  Banshee  
  80  5:53  SCV x2  
  80  5:56  Command Center  
  85  5:59  Hellion x2  
  85  6:15  SCV x2  
  85  6:24  Hellion x2  
  89  6:31  SCV x2, Starport  
  89  6:32  Starport, Barracks Tech Lab  
  91  6:33  Refinery x2  
  94  6:40  Armory  
  94  6:41  Engineering Bay  
  94  6:46  Hellion  
  96  6:47  Viking  
  96  6:53  Hellion  
  97  6:56  Liberator  
  97  6:57  Liberator  
  95  7:13  SCV x2  
  103  7:22  Hellion x2  
  107  7:23  Banshee  
  107  7:29  Orbital Command  
  110  7:34  Fusion Core  
  110  7:46  Banshee, Hellion x2  
  110  7:49  Liberator  
  110  7:50  Orbital Command  
  117  7:52  Liberator  
  117  8:07  Command Center, Supply Depot  
  123  8:12  Refinery  
  123  8:13  SCV  
  123  8:14  SCV, Refinery  
  125  8:27  Hellion x15  
  125  8:28  SCV x3, Banshee  
  125  8:29  Viking  
  132  8:40  Supply Depot, SCV  
  133  8:46  Terran Ship Weapons Level 1  
  133  8:47  SCV x2  
  133  8:48  Supply Depot  
  133  8:52  SCV  
  133  8:54  Liberator x2  
  122  8:59  SCV  
  122  9:00  SCV  
  124  9:08  Banshee, Hellion x2  
  131  9:11  Banshee  
  140  9:18  SCV x2  
  140  9:24  SCV x2  
  144  9:26  Factory  
  144  9:30  Hellion x2  
  148  9:32  Supply Depot  
  148  9:34  Barracks Tech Lab  
  148  9:35  SCV x2  
  149  9:43  SCV  
  150  9:47  SCV x2  
  150  9:50  Advanced Ballistics  
  150  9:52  Starport  
  152  9:53  Starport  
  152  9:59  Banshee x2  
  158  10:00  Sensor Tower  
  158  10:04  Refinery x2  
  160  10:07  Hellion x2  
  160  10:10  Viking  
  164  10:19  Liberator  
  164  10:25  Planetary Fortress  
  164  10:34  Supply Depot  
  164  10:35  Supply Depot  
  164  10:36  Hellion x2  
  171  10:47  Viking x2  
  171  10:49  Viking  
  171  10:51  Viking x2  
  172  10:58  Hellion x2  
  176  11:08  Terran Ship Weapons Level 2  
  176  11:12  Armory  
  176  11:24  Viking x5  
  186  11:26  Mag-Field Accelerator  
  186  11:29  Supply Depot  
  186  11:30  Cyclone  
  186  11:32  Command Center  
  186  11:43  Viking  
  172  11:54  Viking x2  
  172  11:58  Viking  
  172  11:59  Viking x2  
  182  12:08  Terran Vehicle And Ship Armor Level 1  
  182  12:13  Cyclone, Viking  
  188  12:24  Viking  
  188  12:25  Viking  
  188  12:29  Banshee  
  191  12:38  Hellion x2  
  191  12:43  Banshee  
  196  12:45  Cyclone  
  200  12:56  Orbital Command  
  200  12:58  Command Center  
  200  13:00  Starport Tech Lab  
  200  13:03  Command Center  
  200  13:05  Starport Reactor  
  200  13:17  Banshee  
  179  13:37  Cyclone  
  179  13:39  Banshee x2, Hellion x2  
  159  13:54  Hyperflight Rotors  
  159  13:59  Banshee  
  159  14:00  Hellion x2  
  159  14:09  Cyclone  
  157  14:12  Liberator  
  157  14:13  Orbital Command  
  157  14:22  Banshee x2  
  157  14:23  Terran Vehicle Weapons Level 1, Hellion x2, Terran Vehicle And Ship Armor Level 2  
  167  14:26  Liberator x2  
  167  14:28  Sensor Tower, Liberator  
  167  14:30  Missile Turret, Refinery  
  170  14:32  Refinery  
  170  14:41  Cyclone  
  170  14:42  Banshee  
  186  14:54  Planetary Fortress  
  186  14:57  Missile Turret  
  182  15:10  Liberator x2  
  182  15:11  Liberator x2  
  129  15:14  Liberator x2  
  182  15:27  Liberator  
  188  15:48  Hellion x3  
  191  15:53  Liberator  
  191  16:06  Cyclone  
  191  16:07  Hellion  
Tags
 
Add a new tag
Caveats
  • Supply blocks, unpowered buildings, or Contaminate may cause inaccurate times.
  • Supply counts are checked every 10 seconds.